 Dungeon Crawl Stone Soup version 0.17.1-1-g73c8601 (webtiles) character file.

522 Peloso the Shield-Bearer (level 7, -10/46 HPs)
             Began as a Halfling Fighter on Jan 3, 2016.
             Killed from afar by a white imp (12 damage)
             ... with a puff of frost
             ... summoned by Natasha
             ... on level 4 of the Dungeon.
             The game lasted 00:11:17 (3096 turns).

Peloso the Shield-Bearer (Halfling Fighter)         Turns: 3096, Time: 00:11:17

Health: -10/46     AC:  8    Str: 18    XL:     7   Next: 46%
Magic:  7/7        EV: 11    Int:  7    God:
Gold:   175        SH: 10    Dex: 14    Spells: 0 memorised, 6 levels left

rFire  . . .     SeeInvis .     a - +0 long sword
rCold  . . .     Clarity  .     b - +0 scale mail
rNeg   . . .     SustAt   .     c - +0 shield
rPois  +         Gourm    .     l - +0 helmet
rElec  .         Spirit   .     (no cloak)
rCorr  .         Warding  .     (no gloves)
rMut   .         Stasis   .     (no boots)
MR     .....                    (no amulet)
Stlth  ..........               (no ring)
                                k - ring of poison resistance

@: not resistant to hostile enchantments, extremely unstealthy
A: mutation resistance 1
a: no special abilities


You were on level 4 of the Dungeon.
You were near starving.

You visited 2 branches of the dungeon, and saw 5 of its levels.

You collected 175 gold pieces.

Inventory:

Hand Weapons
 a - a +0 long sword (weapon)
Armour
 b - a +0 scale mail (worn)
 c - a +0 shield (worn)
 l - a +0 helmet (worn)
Jewellery
 k - a ring of poison resistance (left hand)
Scrolls
 d - a scroll of enchant armour {unknown}
 g - 5 scrolls of identify {unknown}
 i - a scroll of fog {unknown}
 j - 4 scrolls of remove curse {unknown}
 m - a scroll of teleportation {unknown}
 p - a scroll of magic mapping {unknown}
 q - a scroll of recharging {unknown}
Potions
 f - a potion of invisibility {unknown}
 n - 3 potions of brilliance
 o - a potion of curing
Comestibles
 e - 3 bread rations
 h - 2 meat rations


   Skills:
 + Level 3.5 Fighting
 + Level 3.5 Long Blades
 + Level 4.9 Armour
 + Level 3.6 Dodging
 + Level 1.0 Stealth
 + Level 5.2 Shields


You had 6 spell levels left.
You didn't know any spells.

Dungeon Overview and Level Annotations

Branches:
Dungeon (4/15)             Temple (1/1) D:4

Altars:
Ashenzari
Dithmenos
Elyvilon
Fedhas
Gozag
Makhleb
Nemelex Xobeh
Qazlal
Ru
Sif Muna
Trog
Vehumet
Xom
The Shining One

Annotations:
D:4 Natasha


Innate Abilities, Weirdness & Mutations

You are small and have problems with some larger weapons.
You are somewhat resistant to further mutation.


Message History

Natasha is lightly wounded.
The white imp grinds its teeth.
You block the white imp's attack. The shadow imp gestures at you.
Pain shoots through your body! You block Natasha's attack.
The white imp hits you but does no damage.
The shadow imp gestures at you. Pain shoots through your body!
* * * LOW HITPOINT WARNING * * *
The white imp closely misses you. Natasha barely misses you.
You closely miss Natasha.
Natasha is lightly wounded.
The white imp barely misses you. The white imp gestures at you.
The puff of frost misses you.
The puff of frost hits the white imp.
The white imp completely resists.
You block the shadow imp's attack. Natasha barely misses you.
The white imp gestures at you. The puff of frost hits you!
You die...

#...#≈≈≈# #.# #.>.#≈≈≈# #. #.#
#...#≈≈≈# ##'## ###.#########
##.##≈≈≈# ##...## #...........#
≈#.#≈≈≈≈###.....## #.#.##.####.#
≈#.#≈≈≈≈##.......## #.#.##.# ##..
≈#.#≈≈≈≈#.........###....#.###...
##.######.......5h'..............
##....# #......5@5###....#..###..
##..#.# ##.......## #.#.#...# #..
......# ##.....## #.#..#..# #..
###.### ##...## #...........# #.#
##'## ####...###### #.# #.# #.##
#.# #.# .# #.# ##.##
#.########.>.######


You could see Natasha, 2 white imps and a shadow imp.

Vanquished Creatures
  Sigmund (D:4)
  2 scorpions (D:4)
  An orc wizard (D:3)
  A giant frog skeleton (D:4)
  A hound (D:3)
  Jessica (D:2)
  Natasha (D:4)
  6 adders
  An ooze (D:2)
  A worm (D:2)
  4 orcs (D:3)
  6 bats
  4 giant cockroaches
  10 goblins
  9 hobgoblins (D:1)
  13 kobolds
  3 quokkas
  4 giant geckos
  A giant gecko skeleton (D:3)
  3 giant newts
  A quokka skeleton (D:4)
  5 rats
79 creatures vanquished.

Notes
Turn   | Place    | Note
--------------------------------------------------------------
     0 | D:1      | Peloso the Halfling Fighter began the quest for the Orb.
     0 | D:1      | Reached XP level 1. HP: 15/15 MP: 1/1
   119 | D:1      | Reached XP level 2. HP: 20/20 MP: 2/2
   494 | D:1      | Found a sparkling altar of Nemelex Xobeh.
   541 | D:1      | Reached XP level 3. HP: 18/25 MP: 3/3
   890 | D:2      | Reached skill level 4 in Shields
   896 | D:2      | Reached skill level 1 in Dodging
   896 | D:2      | Reached XP level 4. HP: 14/30 MP: 4/4
   928 | D:2      | Noticed Jessica
   938 | D:2      | Killed Jessica
  1250 | D:2      | Reached XP level 5. HP: 36/36 MP: 5/5
  1684 | D:3      | Found a sparkling altar of Nemelex Xobeh.
  2004 | D:3      | Found a burning altar of Makhleb.
  2016 | D:3      | Reached skill level 1 in Stealth
  2016 | D:3      | Reached XP level 6. HP: 36/42 MP: 6/6
  2637 | D:4      | Noticed Sigmund
  2644 | D:4      | Killed Sigmund
  2644 | D:4      | Reached skill level 5 in Shields
  2644 | D:4      | Reached XP level 7. HP: 35/46 MP: 7/7
  2649 | D:4      | Noticed Natasha
  2662 | D:4      | Killed Natasha
  2915 | D:4      | Found a staircase to the Ecumenical Temple.
  2924 | Temple   | Entered the Ecumenical Temple
  3082 | D:4      | Noticed Natasha
  3095 | D:4      | HP: 2/46 [shadow imp/nerve-wracking pain[Natasha] (14)]
  3096 | D:4      | Killed from afar by a white imp

Action                   |  1- 3 |  4- 6 |  7- 9 || total
-------------------------+-------+-------+-------++-------
Melee: Long sword        |   117 |   183 |    57 ||   357
  Use: Potion            |     2 |     1 |       ||     3
  Eat: Chunk             |       |     5 |     1 ||     6
